 Dungeon Crawl Stone Soup version 0.22.1-1-ga44c0e56f4 (webtiles) character file.

19740 Mjsee792 the Warrior (level 12, -7/121 HPs)
             Began as a Minotaur Berserker on Oct 14, 2018.
             Was a High Priest of Trog.
             Mangled by a large slime creature (18 damage)
             ... on level 12 of the Dungeon.
             The game lasted 00:24:19 (12945 turns).

Mjsee792 the Warrior (Minotaur Berserker)          Turns: 12945, Time: 00:24:20

Health: -7/121     AC: 19    Str: 24    XL:     12   Next: 39%
Magic:  11/11      EV: 17    Int:  4    God:    Trog [*****.]
Gold:   732        SH:  0    Dex: 13    Spells: 11/11 levels left

rFire    . . .     SeeInvis .   O - +3 halberd (freeze)
rCold    . . .     Gourm    .   (shield currently unavailable)
rNeg     . . .     Faith    .   e - +6 scale mail of Mirth {rElec}
rPois    .         Spirit   .   P - +2 hat {MR+}
rElec    +         Reflect  .   (no cloak)
rCorr    .         Harm     .   y - +0 pair of gloves
MR       +....                  (no boots)
Stlth    ..........             (no amulet)
HPRegen  0.30/turn              o - ring of attention (curse)
MPRegen  0.12/turn              (no ring)

@: no status effects
A: retaliatory headbutt, horns 2, blurry vision 1
a: Berserk, Trog's Hand, Brothers in Arms, Renounce Religion


You were on level 12 of the Dungeon.
You worshipped Trog.
Trog was extremely pleased with you.
You were near starving.

You visited 1 branch of the dungeon, and saw 12 of its levels.

You collected 939 gold pieces.
You spent 207 gold pieces at shops.

Inventory:

Hand Weapons
 a - a +0 spear
 H - a +0 glaive
 O - a +3 halberd of freezing (weapon)
Armour
 e - the +6 scale mail of Mirth (worn) {rElec}
   (You bought it in a shop on level 7 of the Dungeon)

   It insulates you from electricity.
 y - a +0 pair of gloves (worn)
 P - a +2 hat of magic resistance (worn)
Jewellery
 o - a cursed ring of attention (left hand)
 J - an uncursed amulet of regeneration {unknown}
 Q - a +3 ring of protection {unknown}
Wands
 t - a wand of paralysis (42)
 B - a wand of iceblast (18)
 E - a wand of acid (18)
 F - a wand of digging (11)
 I - a wand of flame (49)
 N - a wand of enslavement (15)
Scrolls
 d - 11 scrolls of teleportation {unknown}
 f - a scroll of noise {unknown}
 g - 11 scrolls of identify
 j - a scroll of amnesia {unknown}
 l - 2 scrolls of enchant weapon {unknown}
 m - 4 scrolls of magic mapping {unknown}
 q - 2 scrolls of fog {unknown}
 r - 5 scrolls of remove curse {unknown}
 w - 5 scrolls of random uselessness {unknown}
 A - 2 scrolls of fear {unknown}
 G - 4 scrolls of enchant armour {unknown}
 K - a scroll of holy word {unknown}
Potions
 h - a potion of cancellation {unknown}
 i - a potion of berserk rage {unknown}
 k - a potion of heal wounds
 n - 5 potions of brilliance {unknown}
 p - 2 potions of might {unknown}
 s - 2 potions of degeneration {unknown}
 u - 2 potions of lignification {unknown}
 v - 5 potions of curing {unknown}
 x - 4 potions of mutation {unknown}
 z - 2 potions of resistance {unknown}
 C - a potion of invisibility
 D - 2 potions of haste {unknown}
 L - a potion of magic {unknown}
 M - a potion of agility {unknown}
Miscellaneous
 R - a box of beasts
Comestibles
 c - 25 rations


   Skills:
 + Level 15.5 Fighting
 - Level 3.6 Polearms
 + Level 12.7 Armour
 + Level 12.6 Dodging


You had 11 spell levels left.
You didn't know any spells.
Your spell library was empty.

Dungeon Overview and Level Annotations

Branches:
Dungeon (12/15)            Temple (0/1) D:7            Lair (0/6) D:9
    Orc (0/2) D:10

Altars:
Ashenzari
Dithmenos
Gozag
Kikubaaqudgha
Makhleb
Nemelex Xobeh
Okawaru
Ru
Trog
Uskayaw
Vehumet
Wu Jian
Xom
Zin

Shops:
D:7 [   D:9 [

Annotations:
D:5 2 transporters
D:9 2 transporters, bananovenc's ghost, novice GrBe


Innate Abilities, Weirdness & Mutations

You reflexively headbutt those who attack you in melee.
You have a pair of horns on your head.
Scrolls take you a little longer to read.


Message History

The slime creature is too close now for your liking.
You are too injured to fight recklessly!
You are too injured to fight recklessly!
You are too injured to fight recklessly!
You slice the slime creature!! You freeze the slime creature!
The slime creature is heavily wounded.
The slime creature hits you.
Two slime creatures merge to form a large slime creature.
You puncture the large slime creature! You freeze the large slime creature.
The large slime creature is heavily wounded.
You hit the large slime creature. You freeze the large slime creature.
The large slime creature is heavily wounded.
The large slime creature hits you!
* * * LOW HITPOINT WARNING * * *
The large slime creature hits you!!
* * * LOW HITPOINT WARNING * * *
You impale the large slime creature!! You freeze the large slime creature!
The large slime creature is severely wounded.
The large slime creature hits you!!
You die...

......##...# #.#
.########### #.#
.# #.# .# #.# .#
#.# ## ####.#
#..(.# ## #.####
.#
###########@#..#
.#
#........)#J#..#
.#
#...(.......#..#
.#
#.........###..#
.#
#........).<#..#
.#
#######.#...JJ.#
## #.######[#
#.# #.# #.# #J#


You could see a large slime creature.

Vanquished Creatures
  Gastronok (D:12)
  2 hydras
  Erica (D:8)
  A centaur warrior (D:9)
  3 two-headed ogres
  Nergalle (D:12)
  Sonja (D:12)
  A slime creature (D:12)
  Pikel (D:7)
  A deep elf mage (D:12)
  An ugly thing (D:10)
  Joseph (D:8)
  A centaur zombie (D:11)
  A gargoyle (D:12)
  Psyche (D:8)
  An efreet (D:11)
  5 trolls
  4 yaks (D:9)
  2 wyverns
  A hungry ghost (D:11)
  Grum (D:8)
  Menkaure (D:7)
  2 acid dragons
  3 ice beasts
  3 black bears
  8 orc warriors
  2 sky beasts
  2 eyes of draining (D:12)
  2 phantoms (D:8)
  3 wolves (D:8)
  3 ogres
  5 centaurs
  2 crocodiles
  3 big kobolds (D:9)
  6 bullfrogs
  A gnoll sergeant (D:9)
  A water moccasin zombie (D:5)
  3 scorpions
  11 killer bees
  9 wights
  6 howler monkeys
  5 crimson imps
  A jelly (D:8)
  4 orc priests
  14 orc wizards
  4 bullfrog skeletons
  10 hounds
  2 centaur skeletons
  3 iguanas
  Terence (D:3)
  3 worker ants
  A statue (D:5)
  A hound skeleton (D:11)
  A hound zombie (D:6)
  A worker ant zombie (D:5)
  10 adders
  6 gnolls (D:9)
  An ooze (D:5)
  3 adder skeletons
  6 worms
  A dart slug (D:1)
  8 leopard geckos
  61 orcs
  A ball python (D:5)
  7 bats
  4 giant cockroaches
  8 goblins
  16 hobgoblins
  11 jackals
  24 kobolds
  4 quokkas
  7 frilled lizards
  A jackal skeleton (D:7)
  A leopard gecko skeleton (D:4)
  A quokka skeleton (D:6)
  12 rats
  A fungus (D:3)
  2 plants (D:9)
355 creatures vanquished.

Vanquished Creatures (others)
  A slave (D:7)
1 creature vanquished.

Grand Total: 356 creatures vanquished

Notes
Turn   | Place    | Note
-------+----------+-------------------------------------------
     0 | D:1      | Mjsee792 the Minotaur Berserker began the quest for the
                  | Orb.
     0 | D:1      | Reached XP level 1. HP: 19/19 MP: 0/0
    33 | D:1      | Reached skill level 4 in Fighting
    74 | D:1      | Reached XP level 2. HP: 24/27 MP: 1/1
   326 | D:1      | Reached XP level 3. HP: 34/34 MP: 2/2
   563 | D:1      | Reached ** piety under Trog
  1007 | D:2      | Reached skill level 5 in Fighting
  1180 | D:2      | Reached XP level 4. HP: 39/42 MP: 3/3
  1480 | D:3      | Noticed Terence
  1488 | D:3      | Killed Terence
  1488 | D:3      | Reached skill level 6 in Fighting
  1488 | D:3      | Reached XP level 5. HP: 46/50 MP: 4/4
  1583 | D:3      | Found a sacrificial altar of Ru.
  1611 | D:3      | Found a hide-covered altar of Uskayaw.
  1623 | D:3      | Reached *** piety under Trog
  2422 | D:4      | Found a sparkling altar of Nemelex Xobeh.
  2431 | D:4      | Reached XP level 6. HP: 18/58 MP: 5/5
  2966 | D:4      | Found a glowing silver altar of Zin.
  2996 | D:5      | Entered Level 5 of the Dungeon
  3007 | D:5      | Reached skill level 7 in Fighting
  3023 | D:5      | HP: 3/60 [poisoned by a worker ant]
  3030 | D:4      | HP: 3/60 [poisoned by a worker ant]
  3336 | D:5      | Reached skill level 5 in Dodging
  3421 | D:5      | Noticed an ice beast
  3433 | D:5      | HP: 1/60 [ice beast (7)]
  3436 | D:5      | Killed an ice beast
  3436 | D:5      | Reached XP level 7. HP: 25/67 MP: 6/6
  3447 | D:5      | Reached skill level 8 in Fighting
  3741 | D:5      | You fall through a shaft!
  3750 | D:6      | Found an opulent altar of Gozag.
  3770 | D:5      | Found a shadowy altar of Dithmenos.
  3981 | D:5      | Noticed a rakshasa
  3982 | D:5      | Found an ornate altar of the Wu Jian Council.
  3982 | D:5      | Found a transporter.
  3991 | D:5      | Noticed a vampire
  3996 | D:5      | Found a transporter.
  4075 | D:5      | Found a radiant altar of Vehumet.
  4236 | D:5      | Noticed a moth of wrath
  4253 | D:5      | Found a bloodstained altar of Trog.
  4882 | D:7      | Found a staircase to the Ecumenical Temple.
  4949 | D:7      | Found a burning altar of Makhleb.
  4950 | D:7      | Found an ancient bone altar of Kikubaaqudgha.
  4967 | D:7      | Reached XP level 8. HP: 34/77 MP: 7/7
  5165 | D:7      | Found Plog's Antique Armour Shop.
  5181 | D:7      | Bought a steaming scale mail for 207 gold pieces
  5191 | D:7      | Identified the +6 scale mail of Mirth {rElec} (You bought
                  | it in a shop on level 7 of the Dungeon)
  5279 | D:7      | Reached skill level 9 in Fighting
  5295 | D:7      | Noticed Menkaure
  5303 | D:7      | Killed Menkaure
  5508 | D:7      | Noticed Pikel
  5518 | D:7      | Killed Pikel
  5518 | D:7      | Reached skill level 10 in Fighting
  5522 | D:7      | Found a shattered altar of Ashenzari.
  5900 | D:8      | Reached XP level 9. HP: 74/86 MP: 8/8
  5974 | D:8      | Noticed Grum
  5975 | D:8      | Noticed Joseph
  6000 | D:8      | Killed Joseph
  6000 | D:8      | Reached skill level 11 in Fighting
  6000 | D:8      | Reached skill level 5 in Armour
  6006 | D:8      | Reached **** piety under Trog
  6012 | D:8      | Killed Grum
  6081 | D:8      | Noticed Erica
  6135 | D:8      | Killed Erica
  6135 | D:8      | Reached skill level 10 in Dodging
  6584 | D:8      | Reached XP level 10. HP: 90/97 MP: 9/9
  6780 | D:8      | Noticed Psyche
  6800 | D:8      | Killed Psyche
  7211 | D:9      | Found a shimmering altar of Xom.
  7224 | D:9      | Noticed a death knight
  7228 | D:9      | Reached skill level 12 in Fighting
  7297 | D:9      | Found a transporter.
  7311 | D:9      | Noticed bananovenc's ghost (novice GrBe)
  7312 | D:9      | Found a transporter.
  7610 | D:9      | Found a staircase to the Lair.
  8053 | D:9      | Reached ***** piety under Trog
  8279 | D:9      | Found Ariuryob's Antique Armour Boutique.
  8439 | D:9      | Found an opulent altar of Gozag.
  8550 | D:9      | Noticed a centaur warrior
  8563 | D:9      | Killed a centaur warrior
  8563 | D:9      | Reached skill level 13 in Fighting
  9349 | D:10     | Entered Level 10 of the Dungeon
  9507 | D:10     | Got a steaming ring mail
  9518 | D:10     | Identified the +2 ring mail "Gaderime" {*Contam rElec Int+7
                  | Dex+2} (You found it on level 10 of the Dungeon)
  9556 | D:10     | Gained mutation: Scrolls take you a little longer to read.
                  | [mutagenic glow]
  9606 | D:10     | Noticed a two-headed ogre
  9616 | D:10     | Killed a two-headed ogre
  9616 | D:10     | Reached skill level 10 in Armour
  9616 | D:10     | Reached XP level 11. HP: 49/107 MP: 10/10
 10288 | D:10     | Found a staircase to the Orcish Mines.
 10404 | D:11     | Noticed a purple ugly thing
 10405 | D:11     | Noticed a seven-headed hydra
 10430 | D:10     | Killed a seven-headed hydra
 10435 | D:10     | Killed a purple ugly thing
 10741 | D:11     | Noticed a six-headed hydra
 10756 | D:11     | Killed a six-headed hydra
 10767 | D:11     | Reached skill level 14 in Fighting
 11858 | D:11     | Received a gift from Trog
 12049 | D:12     | Noticed Sonja
 12417 | D:12     | Noticed a two-headed ogre
 12421 | D:12     | Killed a two-headed ogre
 12439 | D:12     | Found an iron altar of Okawaru.
 12455 | D:12     | Noticed a two-headed ogre
 12461 | D:12     | Killed a two-headed ogre
 12462 | D:12     | Noticed Gastronok
 12484 | D:12     | Killed Gastronok
 12484 | D:12     | Reached skill level 15 in Fighting
 12484 | D:12     | Reached XP level 12. HP: 119/119 MP: 0/11
 12486 | D:12     | Reached ****** piety under Trog
 12575 | D:12     | Noticed Nergalle
 12588 | D:12     | Killed Nergalle
 12868 | D:12     | Killed Sonja
 12945 | D:12     | Mangled by a large slime creature

Skill      XL: |  1  2  3  4  5  6  7  8  9 10 11 |
---------------+----------------------------------+-----
Fighting       | 4 5 6 7 8 10 11 13 15 | 15.5
Dodging        | 3 4 5 6 8 10 11 12 | 12.6
Armour         | 3 4 7 10 12 | 12.7
Polearms       | |  3.6

Action                   |  1- 3 |  4- 6 |  7- 9 | 10-12 || total
-------------------------+-------+-------+-------+-------++-------
Melee: Spear             |   111 |   165 |   282 |   242 ||   800
       Headbutt          |    12 |    30 |    61 |   131 ||   234
       Glaive            |       |       |       |   322 ||   322
       Halberd           |       |       |       |   120 ||   120
Invok: Berserk           |       |     3 |     4 |    10 ||    17
       Trog's Hand       |       |       |     2 |     2 ||     4
Evoke: Wand              |       |       |       |     2 ||     2
  Use: Potion            |       |     1 |       |       ||     1
       Scroll            |       |       |       |     1 ||     1
 Stab: Sleeping          |     2 |     1 |     1 |       ||     4
       Paralysed         |       |       |       |     1 ||     1
  Eat: Chunk             |       |     7 |    12 |    19 ||    38
       Ration            |       |     1 |     1 |     4 ||     6
Armor: Animal skin       |     9 |    10 |     8 |       ||    27
       Scale mail        |       |       |    85 |   315 ||   400
Dodge: Dodged            |    53 |    74 |   187 |   640 ||   954
Block: Large shield      |       |       |     1 |       ||     1
